Map: Turbo Cruise '84 LE

Players

Huski

  • Race: Terran Terran
  • League: Master
  • Spawn Location: 3:00

Mez - Winner!

  • Race: Terran Terran
  • League: Master
  • Spawn Location: 7:00

VOD

Have the link to the VOD?

Description

Time

  • Played on: Aug. 16, 2019, 6:54 a.m.
  • Length: 8:00
Show
View Real Time Build Order
Export as new Build Order

Huski Terran 

Build Orders:  

Get SALT Encoding   

  12  0:00  SCV  
  13  0:13  SCV  
  14  0:17  Supply Depot  
  14  0:25  SCV  
  15  0:30  Refinery  
  15  0:39  SCV  
  16  0:47  Barracks  
  16  0:51  SCV  
  17  0:58  Refinery  
  17  1:03  SCV  
  18  1:15  SCV  
  19  1:37  Factory, Orbital Command  
  19  1:41  Reaper  
  20  1:53  Supply Depot  
  20  2:02  SCV  
  21  2:13  Reaper  
  21  2:14  SCV  
  23  2:20  Hellion  
  25  2:34  Command Center  
  25  2:37  SCV  
  25  2:42  Hellion  
  28  2:45  Reaper  
  29  2:51  Supply Depot  
  29  3:01  SCV  
  29  3:05  Factory Tech Lab  
  30  3:13  SCV  
  30  3:14  Starport  
  30  3:19  Barracks Reactor  
  29  3:28  SCV  
  29  3:29  Cyclone  
  33  3:40  SCV  
  34  3:46  Refinery  
  34  3:48  Orbital Command  
  34  3:52  SCV  
  34  3:55  Starport Tech Lab  
  33  4:09  SCV  
  31  4:13  Cyclone  
  31  4:14  SCV, Marine x2  
  31  4:15  Raven  
  39  4:21  SCV  
  40  4:26  SCV  
  41  4:32  Marine x2  
  41  4:33  SCV  
  41  4:38  SCV  
  41  4:54  SCV  
  41  4:58  SCV  
  43  5:00  Raven  
  43  5:02  Command Center  
  43  5:03  Siege Tank  
  43  5:06  SCV  
  49  5:10  SCV  
  49  5:11  Marine x2  
  52  5:16  Supply Depot  
  52  5:18  SCV  
  53  5:31  Marine  
  53  5:35  Supply Depot  
  54  5:37  Marine  
  54  5:38  Siege Tank, SCV x2  
  60  5:43  Raven  
  62  6:04  Marine x2  
  62  6:05  SCV  
  62  6:10  Barracks x2  
  65  6:12  Engineering Bay x2  
  65  6:13  Supply Depot  
  65  6:18  SCV  
  66  6:22  SCV  
  66  6:23  Refinery  
  66  6:24  Supply Depot  
  67  6:43  Barracks  
  67  6:44  Barracks  
  67  6:56  Siege Tank, Marine  
  67  6:58  Barracks Reactor  
  67  6:59  Barracks Reactor  
  71  7:02  Viking  
  69  7:14  Marine  
Show
View Real Time Build Order
Export as new Build Order

Mez Terran - Winner!

Build Orders: Cyclone Opening 

Get SALT Encoding   

  12  0:01  SCV  
  13  0:13  SCV  
  14  0:17  Supply Depot  
  14  0:25  SCV  
  15  0:39  SCV  
  15  0:41  Barracks  
  16  0:45  Refinery  
  16  0:51  Refinery  
  16  0:55  SCV  
  17  1:20  SCV  
  18  1:33  Reaper, Orbital Command  
  19  1:41  Factory  
  19  1:47  Supply Depot  
  19  1:59  SCV  
  20  2:07  Reaper  
  21  2:14  SCV  
  22  2:26  SCV, Factory Tech Lab  
  23  2:37  Command Center  
  23  2:45  Cyclone  
  23  2:48  Barracks Reactor  
  23  2:50  SCV  
  27  2:56  Supply Depot  
  27  3:05  SCV  
  27  3:13  Starport  
  27  3:17  SCV  
  28  3:25  Cyclone  
  31  3:29  SCV  
  31  3:32  Marine x2  
  34  3:42  SCV  
  35  3:51  Starport Tech Lab  
  35  3:54  Orbital Command  
  31  4:03  SCV  
  31  4:06  Siege Tank  
  33  4:15  SCV  
  33  4:16  Marine x2  
  36  4:19  Raven  
  36  4:21  SCV  
  39  4:28  Refinery, SCV  
  40  4:33  SCV  
  41  4:40  SCV  
  38  4:46  SCV  
  38  4:52  SCV  
  37  4:53  Siege Tank, Marine x2  
  37  4:58  SCV  
  41  5:03  Supply Depot  
  41  5:04  SCV  
  42  5:10  SCV  
  42  5:11  Marine x2  
  45  5:15  Raven  
  45  5:16  SCV  
  48  5:22  SCV  
  48  5:23  Command Center  
  48  5:28  SCV  
  50  5:30  Supply Depot  
  50  5:32  Marine x2  
  52  5:39  Siege Tank  
  55  5:46  SCV  
  55  5:47  SCV  
  55  6:07  SCV x2  
  55  6:08  Barracks  
  55  6:09  Barracks  
  57  6:13  Siege Tank  
  60  6:24  Viking x2  
  64  6:26  SCV x2  
  64  6:30  Supply Depot  
  64  6:32  Refinery  
  66  6:40  Orbital Command  
  66  6:41  SCV x2  
  65  6:53  SCV x2  
  65  7:01  Siege Tank, Marine x2  
  70  7:15  Marine  
  71  7:16  Viking x2  
  71  7:19  Marine x2  
  71  7:33  Marine  
Tags
 
Add a new tag
Caveats
  • Supply blocks, unpowered buildings, or Contaminate may cause inaccurate times.
  • Supply counts are checked every 10 seconds.